AoeStats
← Miguel Angel

Fortress

510123865Analyzed
2v2 RM · 3d ago on Sep 29, 2026· 34m 27s· 4 players
Game mode
Random Map
Map size
Normal (6 player)
Population
200
Speed
Normal
Resources
Standard
Victory
Conquest
Starting age
Dark Age
Ending age
Imperial Age
RankedLock teamsTeams togetherTeam positionsShared explorationLock speedFull tech treeHidden civsTurbo modeCheats
Victory
Defeat
🇹🇷 Vietnamese · Türkiye
922
+15
🇨🇱 Britons · Chile
885
+16
900
-16
🇵🇪 Saracens · Peru
894
-15
Miguel Angel
1:49 Loom
9:26 Feudal Age
14:30 Castle Age
12:45 Double-Bit Axe
14:14 Horse Collar
15:34 Bow Saw
17:22 Forging
17:13 Gold Mining
18:13 Scale Barding Armor
20:51 Wheelbarrow
20:32 Bloodlines
23:57 Chain Barding Armor
23:40 Husbandry
24:15 Fletching
26:22 Iron Casting
26:50 Thumb Ring
26:07 Elite Skirmisher
27:17 Bodkin Arrow
28:03 Town Watch
31:16 Imperial Age
31:41 Ballistics
31:22 Padded Archer Armor
33:46 Chemistry
33:50 Blast Furnace
32:53 Bracer
33:50 Gold Shaft Mining
34:51 Plate Barding Armor
34:22 Light Cavalry
drip_trpz #Grandma Peek
7:36 Feudal Age
12:33 Castle Age
10:37 Double-Bit Axe
14:06 Fletching
14:17 Padded Archer Armor
23:38 Bloodlines
26:14 Leather Archer Armor
28:19 Bodkin Arrow
Quila
8:00 Loom
9:45 Feudal Age
11:15 Horse Collar
11:23 Double-Bit Axe
11:29 Gold Mining
15:30 Castle Age
14:37 Fletching
15:28 Padded Archer Armor
16:38 Bodkin Arrow
16:49 Heavy Plow
17:01 Bow Saw
18:24 Wheelbarrow
18:27 Ballistics
20:57 Leather Archer Armor
25:55 Imperial Age
23:28 Town Watch
24:09 Forging
24:02 Squires
25:30 Iron Casting
25:13 Hand Cart
25:27 Scale Mail Armor
25:00 Elite Skirmisher
26:31 Town Patrol
27:55 Chemistry
26:59 Bracer
27:12 Imperial Skirmisher
28:00 Thumb Ring
28:31 Ring Archer Armor
alexdam.rodriguez
8:10 Feudal Age
8:50 Horse Collar
10:26 Double-Bit Axe
13:52 Fletching
17:27 Castle Age
15:33 Padded Archer Armor
17:06 Loom
17:29 Crossbowman
18:20 Bodkin Arrow
18:54 Leather Archer Armor
19:45 Ballistics
24:47 Heavy Plow
28:39 Imperial Age
32:07 Bracer
33:20 Chemistry
32:21 Pikeman
33:01 Squires
33:48 Scale Mail Armor
34:54 Yeomen
Connection lost

Rejoining the realm…

Still unreachable

The connection could not be restored.

Session expired

The server has moved on; the page needs a fresh start.